 Dungeon Crawl Stone Soup version 0.30-a0-918-g0ff054e9dc (webtiles) character file.

Game seed: 14511390571293941423

3623 lunkers the Slicer (level 10, 0/84 HPs)
             Began as a Meteoran Fighter on Mar 20, 2023.
             Was a High Priest of Zin.
             Succumbed to a cane toad's poison
             ... on level 1 of the Lair of Beasts on Mar 21, 2023.
             The game lasted 00:16:07 (3799 turns).

lunkers the Slicer (Meteoran Fighter)               Turns: 3799, Time: 00:16:08

Health: 0/84       AC: 10    Str: 19    XL:     10   Next: 58%
Magic:  24/24      EV: 12    Int: 16    God:    Zin [*****.]
Gold:   271        SH:  5    Dex: 17    Spells: 9/9 levels left

rFire   . . .      SeeInvis .    b - +2 dagger (venom)
rCold   . . .      Faith    .    c - +0 buckler
rNeg    . . .      Spirit   .    m - +0 scale mail
rPois   .          Reflect  .    l - +0 helmet
rElec   .          Rampage  .    (no cloak)
rCorr   .                        (no gloves)
Will    +....                    f - +0 pair of boots Stlth
                                 (no amulet)
HPRegen 0.34/turn                u - +6 ring of intelligence
MPRegen 0.19/turn                w - ring of magical power

@: lethally poisoned (0 -> -14), glowing
A: sense surroundings 2, otherworldly, glowing, explore regen
a: Renounce Religion, Recite, Vitalisation, Imprison, Sanctuary, Donate Gold


You were on level 1 of the Lair of Beasts.
You worshipped Zin.
Zin was extremely pleased with you.
You visited 3 branches of the dungeon, and saw 10 of its levels.
You also visited: Ossuary.

You collected 301 gold pieces.
You donated 30 gold pieces to Zin.

Inventory:

Hand Weapons
 a - a +1 long sword
 b - a +2 dagger of venom (weapon)
Armour
 c - a +0 buckler (worn)
 f - a +0 pair of boots (worn)
 l - a +0 helmet (worn)
 m - a +0 scale mail (worn)
Jewellery
 o - a ring of ice
 t - a ring of fire
 u - a +6 ring of intelligence (left hand)
 w - a ring of magical power (right hand)
 z - a ring of wizardry
Wands
 r - a wand of mindburst (2)
Scrolls
 h - 2 scrolls of magic mapping
 n - 3 scrolls of enchant weapon
 q - 2 scrolls of fog
 s - a scroll of teleportation
Potions
 d - 5 potions of might
 e - 2 potions of ambrosia
 g - 2 potions of haste
 i - a potion of cancellation {unknown}
 j - 2 potions of magic
 k - a potion of heal wounds
 p - 2 potions of invisibility


   Skills:
 + Level 6.8 Fighting
 - Level 9.4(10.0) Short Blades
 - Level 5.3(8.5) Long Blades
 + Level 7.5 Armour
 + Level 6.3 Dodging
 - Level 3.6 Shields
 * Level 5.6 Invocations


You had 9 spell levels left.
You didn't know any spells.
Your spell library contained the following spells:

 Spells                   Type           Power      Damage    Failure   Level
 Cigotuvi's Dreadful Rot  Necr/Pois/Air  0%         N/A       78%         2
 Lesser Beckoning         Tloc           0%         N/A       78%         2
 Poisonous Vapours        Pois/Air       0%         N/A       78%         2
 Call Canine Familiar     Summ           0%         N/A       95%         3
 Gell's Gravitas          Tloc           0%         N/A       95%         3
 Mephitic Cloud           Conj/Pois/Air  0%         N/A       95%         3
 Portal Projectile        Hex/Tloc       0%         N/A       95%         3
 Teleport Other           Tloc           0%         N/A       95%         3
 Leda's Liquefaction      Hex/Erth       0%         N/A       100%        4


Dungeon Overview and Level Annotations

Branches:
Dungeon (8/15) Zot: 1903   Temple (1/1) D:6 Zot: 363    Lair (1/5) D:8 Zot: 575
Ossuary (visited)

Altars:
Ashenzari
Cheibriados
Dithmenos
Elyvilon
Fedhas
Gozag
Hepliaklqana
Kikubaaqudgha
Makhleb
Nemelex Xobeh
Okawaru
Qazlal
Ru
Sif Muna
Trog
Uskayaw
Vehumet
Wu Jian
Xom
Yredelemnul
Zin
The Shining One

Shops:
D:8 [

Annotations:
D:7 exclusion: oklob plant


Innate Abilities, Weirdness & Mutations

You passively map the area around you.
You are easily found by Zot.
You glow in the dark.
You regain HP and MP as you explore.


Message History

The cane toad poisons you!
You hit the cane toad but do no damage.
The cane toad looks as sick as possible!
The cane toad is lightly wounded.
You feel sick. You block the cane toad's attack.
You hit the cane toad.
The cane toad is moderately wounded.
You feel sick.
You hit the cane toad.
The cane toad looks as sick as possible!
The cane toad is moderately wounded.
You feel sick. The cane toad stings you!
* * * LOW HITPOINT WARNING * * *
It was a potion of heal wounds.
You feel much better.
You feel sick. The cane toad stings you.
* * * LOW HITPOINT WARNING * * *
You are more poisoned.
The cane toad poisons you!
Aiming: Mindburst
Press: ? - help, Shift-Dir - straight line, f - cane toad
Aim: a cane toad (heavily wounded, extremely poisoned, chance to affect: 64%)
The cane toad's mind is blasted!
You feel very sick. The cane toad stings you!
* * * LOW HITPOINT WARNING * * *
Aiming: Mindburst
Press: ? - help, Shift-Dir - straight line, f/p - cane toad
Aim: a cane toad (severely wounded, extremely poisoned, chance to affect: 64%)
The cane toad struggles to resist.
* * * LOW HITPOINT WARNING * * *
You feel very sick. The cane toad stings you!
* * * LOW HITPOINT WARNING * * *
The cane toad closely misses you.
Aiming: Mindburst
Press: ? - help, Shift-Dir - straight line, f/p - cane toad
Aim: a cane toad (severely wounded, extremely poisoned, chance to affect: 64%)
The cane toad's mind is blasted!
You blow up the cane toad!
You die...

, ,, , * , , ,,
* ,, ,, , * , ,
,, ,, , * ,, #
##* * *
#..#P#### *
#....@..###
*#######...# ,
.#####...##+##
, **
#......<..$..#
,,
#............#
, , ,
+.............#
,* *
#............##
*
P............#
,
.............#


There were no monsters in sight!

Vanquished Creatures
  2 death yaks (D:8)
  A cane toad (Lair:1)
  Grinder (D:6)
  A hornet (D:7)
  2 water moccasins
  2 orc warriors
  An ice beast (D:6)
  2 black bears (D:7)
  A centaur (D:7)
  A bullfrog (D:8)
  3 killer bees (D:8)
  2 howler monkeys
  2 lava snakes (D:8)
  4 hounds
  An orc priest (D:4)
  A human zombie (Ossuary)
  3 sleepcaps
  A gnoll bouda (D:5)
  8 orc wizards
  5 iguanas
  3 hound zombies (Ossuary)
  3 mummies (Ossuary)
  11 gnolls
  3 adders
  A white imp (D:5)
  2 ufetubi
  4 adder zombies (Ossuary)
  2 dart slugs
  30 orcs
  3 endoplasms
  3 giant cockroaches
  9 goblins
  3 hobgoblins
  2 jackals (D:4)
  4 kobolds
  3 quokkas
  6 ball pythons
  A bat (D:2)
  2 frilled lizards
  4 hobgoblin zombies (Ossuary)
  4 jackal zombies (Ossuary)
  4 kobold zombies (Ossuary)
  An orc zombie (Ossuary)
  8 quokka zombies (Ossuary)
  2 rats
  2 rat zombies (Ossuary)
164 creatures vanquished.

Vanquished Creatures (others)
  An orc wizard (D:8)
1 creature vanquished.

Grand Total: 165 creatures vanquished

Notes
Turn   | Place    | Note
-------+----------+-------------------------------------------
     0 | D:1      | lunkers the Meteoran Fighter began the quest for the Orb.
     0 | D:1      | Reached XP level 1. HP: 19/19 MP: 2/2
    19 | D:1      | Found a faded altar of an unknown god.
    36 | D:1      | Prayed at the altar of an unknown god.
    36 | D:1      | Became a worshipper of Zin the Law-Giver
    36 | D:1      | Reached * piety under Zin
    75 | D:1      | Reached XP level 2. HP: 26/26 MP: 3/3
   305 | D:2      | Reached XP level 3. HP: 30/31 MP: 4/4
   324 | D:2      | Found a sparkling altar of Nemelex Xobeh.
   670 | D:3      | Reached XP level 4. HP: 37/38 MP: 5/5
   712 | D:3      | Reached skill level 5 in Long Blades
   862 | D:4      | Noticed a water moccasin
   874 | D:4      | Killed a water moccasin
   875 | D:4      | Reached skill level 3 in Short Blades
   875 | D:4      | Reached XP level 5. HP: 42/45 MP: 6/6
   875 | D:4      | Reached XP level 6. HP: 48/51 MP: 7/7
   939 | D:4      | Reached skill level 4 in Short Blades
   959 | D:4      | Found a shadowy altar of Dithmenos.
  1020 | D:4      | Reached skill level 5 in Short Blades
  1050 | D:4      | Reached XP level 7. HP: 41/53 MP: 8/8
  1147 | D:4      | Reached ** piety under Zin
  1209 | D:4      | Found a sand-covered staircase.
  1214 | Ossuary  | Entered an ossuary
  1310 | Ossuary  | Reached skill level 6 in Short Blades
  1416 | Ossuary  | Reached *** piety under Zin
  1758 | D:5      | Entered Level 5 of the Dungeon
  1902 | D:5      | Reached **** piety under Zin
  1967 | D:5      | Reached skill level 7 in Short Blades
  1976 | D:5      | Reached XP level 8. HP: 56/63 MP: 9/9
  2103 | D:6      | Found a staircase to the Ecumenical Temple.
  2110 | D:6      | Reached skill level 8 in Short Blades
  2162 | Temple   | Entered the Ecumenical Temple
  2605 | D:6      | Reached skill level 9 in Short Blades
  2654 | D:6      | Noticed Grinder
  2665 | D:6      | Paralysed by Grinder for 4 turns
  2674 | D:6      | Killed Grinder
  2675 | D:6      | Reached skill level 1 in Dodging
  2675 | D:6      | Gained mutation: You passively map the area around you.
                  | [Meteoran growth]
  2675 | D:6      | Reached XP level 9. HP: 51/71 MP: 10/10
  2783 | D:7      | Reached ***** piety under Zin
  2813 | D:7      | Noticed a hornet
  2824 | D:7      | Killed a hornet
  2825 | D:7      | Reached skill level 5 in Armour
  2868 | D:7      | Reached skill level 5 in Fighting
  2928 | D:7      | Found a blossoming altar of Fedhas.
  2946 | D:7      | Noticed an oklob plant
  3555 | D:8      | Found Hipukh's Armour Shop.
  3583 | D:8      | Reached skill level 5 in Dodging
  3590 | D:8      | Found a hide-covered altar of Uskayaw.
  3590 | D:8      | Found a sacrificial altar of Ru.
  3597 | D:8      | Reached XP level 10. HP: 58/83 MP: 11/11
  3656 | D:8      | Found a staircase to the Lair.
  3657 | D:8      | Noticed a death yak
  3657 | D:8      | Noticed a death yak
  3657 | D:8      | Noticed a death yak
  3657 | D:8      | Noticed a death yak
  3658 | D:8      | Noticed a death yak
  3658 | D:8      | Noticed a death yak
  3658 | D:8      | Noticed a death yak
  3690 | D:8      | Killed a death yak
  3705 | D:8      | Killed a death yak
  3706 | D:8      | Reached skill level 5 in Invocations
  3719 | D:8      | HP: 4/84 [death yak (7)]
  3759 | Lair:1   | Entered Level 1 of the Lair of Beasts
  3759 | Lair:1   | Noticed a cane toad
  3798 | Lair:1   | HP: 3/84 [cane toad (7)]
  3799 | Lair:1   | Killed a cane toad
  3799 | Lair:1   | Succumbed to a cane toad's poison

Illustrated notes

Levels and vault maps discovered:
D:1:      moated_graveyard_arrival, layout_rooms, ebering_ecumenical_altar_rust,
          hangedman_feature_mirror
D:2:      layout_basic, basic_altar
D:3:      layout_loops_cross, st_stairs_11
D:4:      layout_rooms, mainiacjoe_overflow_six_doors_small, enter_ossuary_2,
          grunt_decor_one_mirror
D:5:      layout_rooms
D:6:      layout_cave_pools, minmay_temple_entry_arrows, gammafunk_ghost_smash,
          uniq_grinder
D:7:      layout_gridville, tgw_fedhas, kennysheep_generic_room_16
D:8:      layout_basic, nicolae_overflow_two_pavilions, dpeg_lair_monsters,
          serial_shops, nicolae_shop_advertising_works
          [nicolae_subvault_shop_adworks]
Temple:   mainiacjoe_temple_bowtie_tessellation
Lair:1:   layout_roguey, gauntlet_entry_generic

Skill      XL: |  1  2  3  4  5  6  7  8  9 10 |
---------------+-------------------------------+-----
Long Blades    | 3 4 5 |  5.3
Short Blades   | 3 5 7 9 |  9.4
Armour         | 4 6 7 |  7.5
Dodging        | 1 5 6 |  6.3
Fighting       | 5 6 |  6.8
Invocations    | 5 |  5.6
Shields        | |  3.6

Action                     |  1- 3 |  4- 6 |  7- 9 | 10-12 || total
---------------------------+-------+-------+-------+-------++-------
  Melee: Long sword        |    64 |    33 |       |       ||    97
         Dagger            |       |    88 |   718 |    69 ||   875
  Evoke: Wand              |       |       |       |     3 ||     3
    Use: Scroll            |     5 |       |     9 |     2 ||    16
         Potion            |       |       |     1 |     2 ||     3
 Armour: Scale mail        |    33 |    45 |   218 |    10 ||   306
  Dodge: Dodged            |    17 |    40 |   186 |    15 ||   258
  Block: Buckler           |    12 |    20 |   107 |     7 ||   146

Table legend: (Time is in decaauts)
 A = Elapsed time spent in this place.
 B = Non-inter-level travel time spent in this place.
 C = Inter-level travel time spent in this place.
 D = Time resting spent in this place.
 E = Time spent auto-exploring this place.
 F = Levels seen in this place.
 G = Mean time per level.
                   A        B        C        D        E       F      G
               +--------+--------+--------+--------+--------+-----+--------+
         Total |   3505 |   3398 |    107 |      0 |   1961 |  11 |  318.6 |
       Dungeon |   2896 |   2820 |     76 |      0 |   1684 |   8 |  362.0 |
        Temple |    236 |    205 |     31 |      0 |    182 |   1 |  236.0 |
          Lair |     24 |     24 |      0 |      0 |      0 |   1 |   24.0 |
       Ossuary |    348 |    348 |      0 |      0 |     95 |   1 |  348.0 |
               +--------+--------+--------+--------+--------+-----+--------+

Top non-repeatable levels by time:
     D:8: 556 daAuts
     D:4: 460 daAuts
     D:2: 458 daAuts
     D:6: 370 daAuts
     D:7: 357 daAuts
 Ossuary: 348 daAuts
     D:5: 286 daAuts
  Temple: 236 daAuts
     D:1: 218 daAuts
     D:3: 187 daAuts
  Lair:1: 24 daAuts
